 Dungeon Crawl Stone Soup version 0.31-a0-163-gb40cd77e26 (webtiles) character file.

Game seed: 15541567761372511522

653 qw the Chopper (level 7, -6/43 HPs)
             Began as a Gargoyle Fighter on June 13, 2023.
             Was an Initiate of Okawaru.
             Mangled by Duvessa
             ... wielding a +0 rapier
              (7 damage)
             ... on level 4 of the Dungeon.
             The game lasted 00:01:30 (3169 turns).

qw the Chopper (Gargoyle Fighter)                   Turns: 3169, Time: 00:01:31

Health: -6/43      AC: 15    Str: 22    XL:     7   Next: 54%
Magic:  7/7        EV:  8    Int:  8    God:    Okawaru [......]
Gold:   167        SH:  4    Dex:  9    Spells: 6/6 levels left

rFire   . . .        Y - +1 war axe
rCold   . . .        c - +0 buckler
rNeg    + . .        h - +0 chain mail
rPois   inf          (no helmet)
rElec   +            (no cloak)
rCorr   +            a - +0 pair of gloves
SInv    .            (no boots)
Will    .....        (no amulet) Stlth
                     j - ring of resist corrosion
HPRegen 0.27/turn    (no ring)
MPRegen 0.10/turn

%: no passive effects
@: no status effects
A: sickness immunity, AC +4, negative energy resistance 1, electricity
resistance, torment resistance 1, petrification resistance
a: Renounce Religion


You were on level 4 of the Dungeon.
You worshipped Okawaru.
Okawaru was noncommittal.
You visited 2 branches of the dungeon, and saw 5 of its levels.

You collected 167 gold pieces.


Innate Abilities, Weirdness & Mutations

You are immune to sickness and miasma.
Your stone body is resilient. (AC +4)
You are immune to poison.
You resist negative energy. (rN+)
You are resistant to electric shocks. (rElec)
You are resistant to unholy torment.
You are immune to petrification.


   Skills:
 - Level 4.3 Fighting
 + Level 6.6 Axes
 - Level 3.2 Armour
 - Level 2.1 Dodging
 - Level 3.2 Shields


You had 6 spell levels left.
You didn't know any spells.
Your spell library was empty.

Inventory:

Hand Weapons
 k - a +0 flail
 Y - a +1 war axe (weapon)
Armour
 a - a +0 pair of gloves (worn)
 c - a +0 buckler (worn)
 f - a +1 pair of gloves
 h - a +0 chain mail (worn)
Jewellery
 j - a ring of resist corrosion (left hand)
Scrolls
 o - a scroll of identify
Potions
 b - 2 potions of mutation
 d - a potion of might
 e - 2 potions of attraction
 g - a potion of curing {unknown}
 i - a potion of enlightenment {unknown}
 l - a potion of berserk rage {unknown}
 n - a potion of heal wounds {unknown}

Dungeon Overview and Level Annotations

Branches:
Dungeon (4/15)             Temple (1/1) D:4

Altars:
Elyvilon
Gozag
Hepliaklqana
Makhleb
Nemelex Xobeh
Okawaru
Qazlal
Ru
Uskayaw
Vehumet
Xom
Zin
The Shining One

Annotations:
D:4 Duvessa


Message History

You barely miss Dowan. You block Duvessa's attack.
Dowan says, "Magic and the sword, together, will defeat you."
Dowan hits you but does no damage.
You hit Duvessa but do no damage.
Duvessa is lightly wounded.
You closely miss Dowan. Duvessa hits you but does no damage.
Dowan barely misses you. Dowan closely misses you. You block Duvessa's attack.
You slash Duvessa!
Duvessa is moderately wounded.
You slash Dowan! Dowan hits you but does no damage.
Duvessa hits you with a +0 rapier.
You hit Dowan.
Dowan is heavily wounded.
You closely miss Duvessa. Dowan barely misses you.
Duvessa hits you with a +0 rapier.
You miss Dowan.
Dowan is heavily wounded.
You barely miss Duvessa. You block Dowan's attack.
Duvessa hits you with a +0 rapier.
You slash Dowan!
You kill Dowan!
Okawaru accepts your kill.
Duvessa weeps, and shakes her weapon.
Duvessa goes berserk!
You hit Duvessa. Duvessa hits you with a +0 rapier. x2
You barely miss Duvessa.
Duvessa is heavily wounded.
Duvessa hits you with a +0 rapier. Duvessa barely misses you.
You hit Duvessa.
Duvessa is heavily wounded.
Duvessa hits you with a +0 rapier! x2
You hit Duvessa.
Duvessa is heavily wounded.
Duvessa completely misses you.
You hit Duvessa but do no damage.
Duvessa is heavily wounded.
Duvessa hits you with a +0 rapier! x2
You die...

.>..............
#.##.....<.#####. #.
# ##.....######. #s
##.........%. #.
#######..########.
#.##... ...#### #.
#.............# ##.
#..)e#.######.#####..
#)##@##..............
#....##..####.#.##...
#..#.##..# ##.#.##.##
#.#
##.#.#.#.###..#.##.##
#.#
#....##..##.##.##.##
#.#
#.#.##......##.##.##
#.#
#.#.##.7.7........##
#.#
#.#.##..>...########
#.# #.#....7.7..# #


You could see Duvessa (berserk).

Vanquished Creatures
  Sigmund (D:4)
  Menkaure (D:4)
  A scorpion (D:4)
  Dowan (D:4)
  A hound (D:4)
  An iguana (D:4)
  Ijyb (D:3)
  Natasha (thrice) (D:3)
  An orc wizard (D:3)
  2 adders (D:2)
  A shadow imp (D:4)
  2 worms (D:2)
  2 dart slugs (D:4)
  4 orcs (D:3)
  3 ball pythons
  3 endoplasms
  3 giant cockroaches
  6 hobgoblins
  3 jackals
  2 quokkas
  A bat (D:1)
  2 frilled lizards (D:2)
  4 goblins
  6 kobolds
  6 rats
61 creatures vanquished.

Notes
Turn   | Place    | Note
-------+----------+-------------------------------------------
     0 | D:1      | qw the Gargoyle Fighter began the quest for the Orb.
     0 | D:1      | Reached XP level 1. HP: 14/14 MP: 1/1
     0 | D:1      | 0 ||| qw: Version: 0.2-a-29-gc1b59c4
     0 | D:1      | 0 ||| qw: Game counter: 4447
     0 | D:1      | 0 ||| qw: Always use a shield: true
     0 | D:1      | 0 ||| qw: God list: Okawaru
     0 | D:1      | 0 ||| qw: Allow faded altars: false
     0 | D:1      | 0 ||| qw: Do Orc after D:15 true
     0 | D:1      | 0 ||| qw: Do second Lair branch before Depths: true
     0 | D:1      | 0 ||| qw: Lair rune preference: random
     0 | D:1      | 0 ||| qw: Plans: Normal, Zot:1-4, Slime:5, God:TSO, Crypt,
                  | Tomb, Abyss, Pan, Hells, Win
     0 | D:1      | 0 ||| PLANNING D:1-11
    55 | D:1      | Reached skill level 2 in Axes
   168 | D:1      | Reached XP level 2. HP: 19/19 MP: 2/2
   638 | D:1      | 638 ||| UPGRADING to ring of resist corrosion.
   639 | D:1      | 639 ||| READING scroll labelled IFOYRCH DOUTAI.
   875 | D:2      | Reached skill level 3 in Axes
   905 | D:2      | Reached XP level 3. HP: 23/23 MP: 3/3
  1265 | D:2      | 1265 ||| UPGRADING to +0 pair of gloves.
  1270 | D:2      | 1270 ||| UPGRADING to +0 chain mail.
  1280 | D:2      | 1280 ||| DROPPING +0 scale mail.
  1281 | D:2      | 1281 ||| READING scroll labelled IHATAC CERIO.
  1282 | D:2      | 1282 ||| READING scroll labelled XOOBRA FIYR.
  1283 | D:2      | 1283 ||| READING scroll labelled CAEMIN RUITT.
  1318 | D:3      | 1318 ||| STAIRDANCE
  1322 | D:2      | Reached XP level 4. HP: 26/28 MP: 4/4
  1360 | D:3      | 1360 ||| DROPPING +1 whip of pain.
  1361 | D:3      | 1361 ||| DROPPING +0 whip.
  1513 | D:3      | Found a faded altar of an unknown god.
  1515 | D:3      | Noticed Natasha
  1523 | D:3      | Reached skill level 4 in Axes
  1523 | D:3      | HP: 2/28 [Natasha/magic dart (9)]
  1524 | D:3      | Killed Natasha
  1621 | D:3      | Noticed Natasha
  1622 | D:3      | 1622 ||| FLEEEEING.
  1631 | D:3      | Killed Natasha
  1632 | D:3      | Reached XP level 5. HP: 22/32 MP: 5/5
  1711 | D:3      | Found a stormy altar of Qazlal.
  1738 | D:3      | Noticed Natasha
  1739 | D:3      | 1739 ||| Stepping ~*~*~tactically~*~*~ (stealth).
  1818 | D:3      | 1818 ||| Stepping ~*~*~tactically~*~*~ (hiding).
  1819 | D:3      | 1819 ||| Stepping ~*~*~tactically~*~*~ (hiding).
  1820 | D:3      | 1820 ||| Stepping ~*~*~tactically~*~*~ (hiding).
  1821 | D:3      | 1821 ||| Stepping ~*~*~tactically~*~*~ (hiding).
  1828 | D:3      | Killed Natasha
  1829 | D:3      | Reached skill level 5 in Axes
  1969 | D:3      | Found a white marble altar of Elyvilon.
  2025 | D:3      | Noticed Ijyb
  2041 | D:3      | Killed Ijyb
  2330 | D:3      | 2330 ||| READING scroll labelled ULYOXAEFIT.
  2331 | D:3      | 2331 ||| READING scroll labelled LACOOM FOEPRO.
  2332 | D:3      | 2332 ||| READING scroll labelled YJICAE JIOFF.
  2333 | D:3      | 2333 ||| DRINKING 3 amethyst potions.
  2334 | D:3      | 2334 ||| DRINKING 2 pink potions.
  2335 | D:3      | 2335 ||| READING 2 scrolls of identify.
  2335 | D:3      | 2335 ||| IDENTIFYING glowing grey potion
  2336 | D:3      | 2336 ||| DROPPING potion of brilliance.
  2370 | D:4      | 2370 ||| PLANNING OSSUARY
  2397 | D:4      | 2397 ||| Stepping ~*~*~tactically~*~*~ (hiding).
  2522 | D:4      | Reached XP level 6. HP: 31/38 MP: 6/6
  2532 | D:4      | 2532 ||| FLEEEEING.
  2533 | D:4      | 2533 ||| FLEEEEING.
  2534 | D:4      | 2534 ||| FLEEEEING.
  2535 | D:4      | 2535 ||| FLEEEEING.
  2537 | D:4      | 2537 ||| Stepping ~*~*~tactically~*~*~ (hiding).
  2598 | D:4      | Found a staircase to the Ecumenical Temple.
  2727 | D:4      | Noticed Sigmund
  2728 | D:4      | 2728 ||| Stepping ~*~*~tactically~*~*~ (hiding).
  2729 | D:4      | 2729 ||| Stepping ~*~*~tactically~*~*~ (hiding).
  2740 | D:4      | Killed Sigmund
  2741 | D:4      | Reached skill level 6 in Axes
  2835 | D:4      | 2835 ||| Stepping ~*~*~tactically~*~*~ (stealth).
  2837 | D:4      | 2837 ||| Stepping ~*~*~tactically~*~*~ (hiding).
  2946 | D:4      | Noticed Menkaure
  2947 | D:4      | 2947 ||| Stepping ~*~*~tactically~*~*~ (hiding).
  2949 | D:4      | 2949 ||| Stepping ~*~*~tactically~*~*~ (hiding).
  2957 | D:4      | Killed Menkaure
  2958 | D:4      | Reached XP level 7. HP: 33/43 MP: 7/7
  2987 | D:4      | 2987 ||| RIP OSSUARY
  2994 | D:4      | 2994 ||| PLANNING TEMPLE
  3109 | Temple   | Entered the Ecumenical Temple
  3110 | Temple   | 3110 ||| PLANNING OKAWARU WORSHIP
  3128 | Temple   | Became a worshipper of Warmaster Okawaru
  3128 | Temple   | 3128 ||| PLANNING D:1-11
  3145 | D:4      | 3145 ||| Stepping ~*~*~tactically~*~*~ (stealth).
  3147 | D:4      | Noticed Dowan
  3148 | D:4      | 3148 ||| Stepping ~*~*~tactically~*~*~ (hiding).
  3149 | D:4      | Noticed Duvessa
  3151 | D:4      | 3151 ||| Stepping ~*~*~tactically~*~*~ (hiding).
  3165 | D:4      | Killed Dowan
  3167 | D:4      | HP: 7/43 [Duvessa/+0 rapier (8)]
  3169 | D:4      | HP: 1/43 [Duvessa/+0 rapier (7)]
  3169 | D:4      | Mangled by Duvessa

Levels and vault maps discovered:
D:1:      erik_arrival_triangle_medium, layout_basic, dk_noncrumbling_2,
          chequers_serial_rivers_small_3
D:2:      layout_loops_ring, minmay_fractal_squares_gapless_5
D:3:      layout_basic, chequers_temple_overflow_statue_of_worship,
          dreamdust_ecumenical_altar_grove, uniq_natasha, uniq_ijyb
D:4:      layout_loops_ring, minmay_temple_entry_trees,
          nicolae_ossuary_entry_catacombs, uniq_menkaure, uniq_sigmund,
          uniq_duvessa, uniq_robin
Temple:   minmay_freezing_vapour_temple

Skill      XL: |  1  2  3  4  5  6 |
---------------+-------------------+-----
Axes           | 2 3 4 5 6 |  6.6
Fighting       | 4 |  4.3
Dodging        | 2 |  2.1
Armour         | |  3.2
Shields        | |  3.2

Action                     |  1- 3 |  4- 6 |  7- 9 || total
---------------------------+-------+-------+-------++-------
  Melee: War axe           |    93 |   114 |    16 ||   223
    Use: Scroll            |     4 |     4 |       ||     8
         Potion            |       |     2 |       ||     2
 Armour: Scale mail        |    44 |       |       ||    44
         Chain mail        |     6 |    57 |     9 ||    72
  Dodge: Dodged            |    46 |    45 |     9 ||   100
  Block: Buckler           |    13 |    20 |     4 ||    37

Table legend:
 A = Non-vault XP
 B = Vault XP
 C = Vault XP percentage of total XP
 D = Non-vault monster count
 E = Vault monster count
 F = Vault count percentage of total count
                 A         B        C        D         E       F
            +---------+---------+-------+---------+---------+-------
      Total |     377 |     557 |  59.6 |      52 |       9 |  14.8
            +---------+---------+-------+---------+---------+-------
        D:1 |      20 |       0 |   0.0 |      14 |       0 |   0.0
        D:2 |      36 |      21 |  36.8 |      12 |       4 |  25.0
        D:3 |     131 |      71 |  35.1 |      14 |       2 |  12.5
        D:4 |     190 |     465 |  71.0 |      12 |       3 |  20.0
            +---------+---------+-------+---------+---------+-------
